 Dungeon Crawl Stone Soup version 0.28-a0-793-g31680bbd8b (webtiles) character file.

Game seed: 16099263009065042299

12955 kae the Summoner (level 12, -5/67 HPs)
             Began as a Vine Stalker Summoner on Nov 3, 2021.
             Was a Believer of Ashenzari.
             Slain by a two-headed ogre (6 damage)
             ... in a volcano.
             The game lasted 00:22:37 (13368 turns).

kae the Summoner (Vine Stalker Summoner)           Turns: 13368, Time: 00:22:38

Health: -5/67      AC: 14    Str: 13    XL:     12   Next: 0%
Magic:  0/27       EV: 12    Int: 21    God:    Ashenzari [**....]
Gold:   261        SH:  0    Dex: 16    Spells: 19/32 levels left

rFire   + . .      SeeInvis +   a - +12 long sword of Ashenzari's Suspicion {protect, rN+ Str+2 Int+2 Stlth+, Self, Range} (curse)
rCold   + . .      Faith    .   (no shield)
rNeg    + + .      Spirit   +   B - +1 robe of Inference {rC+ rN+}
rPois   .          Reflect  .   y - +1 hat
rElec   .          Harm     .   h - +2 cloak "Ensconced Affliction" {rCorr, Melee, Self} (curse)
rCorr   +          Rampage  .   (no gloves)
Will    +....                   (no boots)
Stlth   +++.......              e - amulet "Tethered Together" {Regen+, Comp, Elem} (curse)
HPRegen 2.21/turn               t - ring of protection from fire
MPRegen 0.20/turn               l - ring of wizardry

@: under a protective aura
A: fangs 3, regeneration 1, magic shield, antimagic bite, no potion heal 2
a: Renounce Religion, Shatter the Chains


You were in a volcano.
You worshipped Ashenzari.
Ashenzari was pleased with you.
You visited 3 branches of the dungeon, and saw 12 of its levels.
You also visited: Volcano.

You collected 490 gold pieces.
You spent 229 gold pieces at shops.

Inventory:

Hand Weapons
 a - the cursed +12 long sword of Ashenzari's Suspicion (weapon) {protect, rN+ Str+2 Int+2 Stlth+, Self, Range}
   (You found it on level 8 of the Dungeon)

   It grants its wielder temporary protection when it strikes (+7 to AC).
   Str:       It affects your strength (+2).
   Int:       It affects your intelligence (+2).
   rN:        It protects you from negative energy.
   Stlth:     It makes you more stealthy.
   It has a curse which improves the following skills: Introspection: Fighting
   and Spellcasting.
   Ranged Combat: Slings, Bows, Crossbows and Throwing.
 g - a +0 dagger of flaming
 n - the +9 dagger of Death {vamp, *Rage +Blink rCorr Int+4}
   (You took it off a hobgoblin on level 4 of the Dungeon)

   It occasionally heals its wielder for a portion of the damage dealt when it
   wounds a living foe.
   Int:       It affects your intelligence (+4).
   +Blink:    It lets you blink.
   *Rage:     It berserks you when you make melee attacks (+20% chance).
   rCorr:     It protects you from acid and corrosion.
Armour
 h - the cursed +2 cloak "Ensconced Affliction" (worn) {rCorr, Melee, Self}
   (You bought it in a shop on level 7 of the Dungeon)

   It has a curse which improves the following skills: Melee Combat: Short
   Blades, Long Blades, Axes, Maces & Flails, Polearms, Staves and Unarmed
   Combat.
   Introspection: Fighting and Spellcasting.
 y - a +1 hat (worn)
 B - the +1 robe of Inference (worn) {rC+ rN+}
   (You found it on level 8 of the Dungeon)

   rC:        It protects you from cold.
   rN:        It protects you from negative energy.
Magical Staves
 j - a staff of air
Jewellery
 c - a ring of protection from cold
 e - the cursed amulet "Tethered Together" (around neck) {Regen+, Comp, Elem}
   (You found it on level 2 of the Dungeon)

   [amulet of regeneration]

   Regen:     It increases your rate of health regeneration.
   It has a curse which improves the following skills: Companions: Summonings
   and Necromancy.
   Elements:  Fire Magic, Ice Magic, Air Magic and Earth Magic.
 l - a ring of wizardry (right hand)
 t - a ring of protection from fire (left hand)
 A - a ring of wizardry
 D - a +4 ring of slaying
Wands
 k - a wand of paralysis (11)
 p - a wand of iceblast (16)
 x - a wand of polymorph (12)
 z - a wand of flame (21)
 H - a wand of acid (5)
Scrolls
 b - 2 scrolls of amnesia
 w - a scroll of fog
 C - 2 scrolls of brand weapon
 F - a scroll of summoning
 G - 3 scrolls of identify
Potions
 d - 2 potions of resistance
 f - 2 potions of mutation
 i - a potion of curing
 m - a potion of haste
 q - a potion of cancellation
 s - 2 potions of lignification
 u - a potion of attraction
 v - 3 potions of invisibility
 E - a potion of flight


   Skills:
 + Level 7.3(9.7) Fighting
 - Level 7.3(9.5) Short Blades
 * Level 5.4(8.4) Long Blades
 - Level 1.5 Dodging
 - Level 2.4 Stealth
 + Level 8.3(10.6) Spellcasting
 * Level 12.1(13.5) Summonings


You had 19 spell levels left.
You knew the following spells:

 Your Spells              Type           Power      Damage    Failure   Level
a - Summon Small Mammal   Summ           100%       N/A       0%          1
b - Call Imp              Summ           61%        N/A       1%          2
c - Call Canine Familiar  Summ           61%        N/A       1%          3
d - Summon Guardian Gole  Hex/Summ       39%        N/A       1%          3
e - Summon Lightning Spi  Summ/Air       39%        N/A       1%          4

Your spell library contained the following spells:

 Spells                   Type           Power      Damage    Failure   Level
 Corpse Rot               Necr/Air       22%        N/A       3%          2
 Poisonous Vapours        Pois/Air       22%        N/A       3%          2
 Conjure Flame            Conj/Fire      11%        6-21      7%          3
 Ignite Poison            Fire/Tmut/Pois 11%        N/A       8%          3
 Sticky Flame             Conj/Fire      11%        2d3       22%         4
 Borgnjor's Vile Clutch   Necr/Erth      5%         N/A       50%         5
 Alistair's Intoxication  Tmut/Pois      7%         N/A       52%         5
 Dispersal                Tloc           5%         N/A       97%         6
 Eringya's Noxious Bog    Tmut/Pois      5%         N/A       97%         6
 Disjunction              Tloc           5%         N/A       100%        8


Dungeon Overview and Level Annotations

Branches:
Dungeon (10/15)            Temple (1/1) D:7            Lair (1/6) D:9
    Orc (0/2) D:10        Volcano (1/1)

Altars:
Ashenzari
Cheibriados
Dithmenos
Elyvilon
Fedhas
Gozag
Hepliaklqana
Kikubaaqudgha
Makhleb
Nemelex Xobeh
Okawaru
Qazlal
Ru
Sif Muna
Trog
Uskayaw
Vehumet
Wu Jian
Xom
Yredelemnul
Zin
The Shining One

Shops:
D:3 !   D:7 [([=(

Annotations:
D:6 exclusion: statue
D:9 exclusion: centaur warrior


Innate Abilities, Weirdness & Mutations

You have razor-sharp teeth.
Your natural rate of healing is unusually fast.
When hurt, damage is shared between your health and your magic reserves.
Your bite disrupts and absorbs the magic of your enemies.
Potions cannot restore your health.


Message History

An electric hum fills the air.
Your guardian golem overheats!
You hit the two-headed ogre.
Your weapon exudes an aura of protection.
You bite the two-headed ogre. You drain its power.
You feel invigorated.
The two-headed ogre is lightly wounded.
The two-headed ogre hits you but does no damage.
The two-headed ogre hits you with a +2 great mace of flaming!
The two-headed ogre burns you.
The ogre mage points at the two-headed ogre and mumbles some strange words.
The two-headed ogre seems to speed up.
You slash the ogre mage! You bite the ogre mage.
The ogre mage's magic leaks into the air.
You drain its magic.
You feel invigorated.
The ogre mage is moderately wounded.
The two-headed ogre closely misses you.
The two-headed ogre hits you but does no damage.
The ogre mage hits you with a +2 whip of flaming.
You slash the ogre mage!
The ogre mage is heavily wounded.
The two-headed ogre hits you with a +0 giant club of flaming.
The two-headed ogre burns you.
The two-headed ogre hits you with a +2 great mace of flaming!
The two-headed ogre burns you.
The two-headed ogre hits you with a +0 giant club of flaming!
The two-headed ogre misses you.
The ogre mage hits you but does no damage.
You hit the ogre mage but do no damage.
The ogre mage is heavily wounded.
The two-headed ogre misses you.
The two-headed ogre hits you with a +2 great mace of flaming!
The two-headed ogre burns you.
* * * LOW HITPOINT WARNING * * *
The ogre mage barely misses you.
You slash the two-headed ogre!
The two-headed ogre is heavily wounded.
The two-headed ogre hits you with a +0 giant club of flaming!!
* * * LOW HITPOINT WARNING * * *
The two-headed ogre burns you.
You die...

###.......§§...§......##.........
........≈.§§.≈≈≈§...........≈≈.≈.
......≈≈≈≈§§≈§§≈≈≈§.......≈§≈§§≈≈
....§≈≈≈≈§≈≈§§≈≈§§§§≈≈.≈≈≈§§§§§§§
.≈≈≈≈§§§≈§≈§≈≈§§≈§≈§≈§≈§≈≈≈§≈§§§≈
≈≈≈≈≈§§§≈§≈≈§≈≈≈§§§§§≈≈≈≈§§≈≈≈≈≈§
≈≈≈≈≈§§≈≈.§≈≈§≈§§§§≈≈§≈§≈§§≈§≈≈≈§
≈§≈§≈≈§§≈.≈≈.≈.§§§≈.≈§§§.§≈≈§≈≈≈≈
≈§§≈≈§§§.......8@O9.........§≈≈§§
§§≈≈§§§§.########O########.≈≈≈≈≈≈
≈≈≈§≈§§..# , , ,#O#, #..≈≈≈§§
≈§§≈§≈§..# ,, #O# #.≈≈≈≈§§
≈§≈≈≈≈≈.#,,, ,#.# , #..≈≈§≈≈
§≈§≈≈≈..# ,, ,#.# * , #.≈§≈≈§≈
≈≈≈≈≈§≈.######.#.#.######..≈≈≈≈≈
≈§§§≈§§.#......#.#......#.≈≈≈≈≈≈
§§≈§≈§§.###++###'###++###..≈≈§≈§


You could see 3 two-headed ogres, an ogre mage (invisible), a friendly guardian
golem (summoned, inner flame) and a friendly lightning spire (summoned,
sheltered).

Vanquished Creatures
  A hydra (D:8)
  A centaur warrior (D:9)
  2 death yaks
  Pikel (D:6)
  A komodo dragon (Lair:1)
  A dream sheep (D:8)
  Prince Ribbit (D:6)
  5 yaks
  A fire bat (Volcano)
  Edmund (D:6)
  A water moccasin (D:6)
  2 black bears
  3 orc warriors
  4 ogres
  2 necrophages
  2 sky beasts
  A centaur (D:7)
  2 lemures (D:6)
  2 kobold brigands
  A bullfrog (D:8)
  2 scorpions
  10 killer bees
  2 wights (D:8)
  A howler monkey (D:9)
  2 centaur zombies
  A lava snake (Volcano)
  A bullfrog zombie (D:6)
  An orc priest (D:6)
  2 jellies (D:6)
  A bullfrog skeleton (D:6)
  2 centaur skeletons (D:7)
  2 hounds
  An iron imp (D:6)
  2 iguanas
  9 orc wizards
  A howler monkey skeleton (D:5)
  10 gnolls
  3 adders
  3 white imps
  A worm (D:5)
  4 dart slugs
  10 orcs
  2 bats (D:3)
  9 endoplasms
  4 giant cockroaches
  6 goblins
  6 hobgoblins
  2 jackals (D:2)
  3 quokkas
  6 ball pythons
  3 frilled lizards
  11 kobolds
  8 rats
166 creatures vanquished.

Vanquished Creatures (collateral kills)
  A boulder beetle (D:10)
  A death yak (D:9)
  A komodo dragon (Lair:1)
  A dream sheep (D:8)
  4 yaks
  A fire bat (Volcano)
  A wraith (D:10)
  A steam dragon (D:7)
  An acid dragon (D:10)
  2 water moccasins
  An orc warrior (D:9)
  A centaur (D:9)
  3 kobold brigands (D:8)
  A scorpion (D:7)
  4 killer bees
  2 wights (D:8)
  2 howler monkeys (D:9)
  4 lava snakes (Volcano)
  A hound (D:4)
  An orc priest (D:9)
  An iguana (D:4)
  5 orc wizards
  4 gnolls
  2 adders (D:2)
  3 worms
  12 orcs
  2 endoplasms (D:1)
  A giant cockroach (D:4)
  A goblin (D:2)
  3 hobgoblins
  2 jackals (D:2)
  2 quokkas
  2 ball pythons
  3 bats
  5 kobolds
  4 rats
86 creatures vanquished.

Vanquished Creatures (others)
  A two-headed ogre (D:10)
  3 yaks
  A lemure (D:6)
  A gnoll shaman (D:6)
  An orc wizard (D:7)
  An orc (D:5)
  2 plants
10 creatures vanquished.

Grand Total: 262 creatures vanquished

Notes
Turn   | Place    | Note
-------+----------+-------------------------------------------
     0 | D:1      | kae the Vine Stalker Summoner began the quest for the Orb.
     0 | D:1      | Reached XP level 1. HP: 9/9 MP: 4/4
   297 | D:1      | Reached XP level 2. HP: 13/14 MP: 4/6
   954 | D:1      | Learned a level 2 spell: Call Imp
  1464 | D:1      | Found a faded altar of an unknown god.
  1845 | D:1      | Reached skill level 1 in Fighting
  1845 | D:1      | Reached XP level 3. HP: 2/18 MP: 0/7
  2111 | D:1      | Learned a level 3 spell: Call Canine Familiar
  2581 | D:2      | You fall into a shaft and drop 1 floor!
  2734 | D:2      | Gained mutation: Your natural rate of healing is unusually
                  | fast. [Vine Stalker growth]
  2734 | D:2      | Reached XP level 4. HP: 22/22 MP: 3/9
  2871 | D:2      | Reached skill level 5 in Summonings
  3127 | D:2      | Reached XP level 5. HP: 26/26 MP: 10/10
  3384 | D:3      | Noticed an ogre
  3782 | D:3      | Found a white marble altar of Elyvilon.
  3987 | D:3      | Found Lyicrept's Distillery.
  3993 | D:3      | Bought a potion of curing for 42 gold pieces
  4086 | D:3      | Noticed an ogre
  4294 | D:3      | Killed an ogre
  4295 | D:3      | Reached XP level 6. HP: 32/32 MP: 2/12
  4309 | D:3      | Reached skill level 6 in Summonings
  4577 | D:4      | Reached XP level 7. HP: 35/35 MP: 9/14
  4656 | D:4      | Learned a level 3 spell: Summon Guardian Golem
  4849 | D:4      | Found an ornate altar of the Wu Jian Council.
  4900 | D:4      | Found a stormy altar of Qazlal.
  5002 | D:4      | Found an iron altar of Okawaru.
  5181 | D:4      | Identified the +9 dagger of Death {vamp, *Rage +Blink rCorr
                  | Int+4}
  5346 | D:5      | Entered Level 5 of the Dungeon
  5448 | D:5      | Reached skill level 1 in Short Blades
  5627 | D:5      | Reached skill level 7 in Summonings
  5752 | D:5      | Gained mutation: You have razor-sharp teeth. [Vine Stalker
                  | growth]
  5752 | D:5      | Reached XP level 8. HP: 40/40 MP: 4/15
  6071 | D:6      | Noticed Prince Ribbit
  6104 | D:6      | Killed Prince Ribbit
  6172 | D:6      | Reached skill level 5 in Spellcasting
  6192 | D:6      | Found a snail-covered altar of Cheibriados.
  6269 | D:6      | Noticed Edmund
  6300 | D:6      | Noticed Pikel
  6502 | D:6      | Found a bloodstained altar of Trog.
  6681 | D:6      | Reached skill level 8 in Summonings
  6757 | D:6      | Found a radiant altar of Vehumet.
  6899 | D:6      | Killed Pikel
  6900 | D:6      | Reached XP level 9. HP: 45/46 MP: 4/18
  7024 | D:6      | Killed Edmund
  7026 | D:6      | Found an opulent altar of Gozag.
  7038 | D:6      | Reached skill level 5 in Short Blades
  7445 | D:7      | Found Dyeno's Weapon Emporium.
  7451 | D:7      | Learned a level 4 spell: Summon Lightning Spire
  7624 | D:7      | Found a shimmering blue altar of Sif Muna.
  7661 | D:7      | Reached skill level 5 in Fighting
  7662 | D:7      | Reached skill level 9 in Summonings
  7714 | D:7      | Found a hazy altar of Hepliaklqana.
  7714 | D:7      | Found a faded altar of an unknown god.
  8264 | D:7      | Found a staircase to the Ecumenical Temple.
  8375 | D:7      | Reached XP level 10. HP: 51/51 MP: 12/20
  8388 | Temple   | Entered the Ecumenical Temple
  8508 | Temple   | Became a worshipper of Ashenzari the Shackled
  8549 | D:7      | Found Iga Xiko's Jewellery Emporium.
  8753 | D:7      | Found Perast Pued's Armour Shoppe.
  8805 | D:7      | Found Yphaczo's Hydra Hut.
  8809 | D:7      | Found Uraip's Antique Armour Shop.
  8809 | D:7      | Noticed a five-headed hydra
  9026 | D:7      | Bought an embroidered cloak for 187 gold pieces
  9810 | D:8      | Reached skill level 10 in Summonings
 10159 | D:8      | Noticed a three-headed hydra
 10170 | D:8      | Killed a three-headed hydra
 10275 | D:8      | Identified the +1 robe of Inference {rC+ rN+}
 10291 | D:8      | Identified the +12 long sword of Immoggu {protect, rN+
                  | Str+2 Int+2 Stlth+}
 10388 | D:9      | Reached skill level 1 in Long Blades
 10456 | D:9      | Noticed a centaur warrior
 10592 | D:9      | Noticed a death yak
 10594 | D:9      | Noticed a death yak
 10605 | D:9      | Noticed a death yak
 10612 | D:8      | Reached XP level 11. HP: 46/58 MP: 9/23
 10751 | D:9      | Found a staircase to the Lair.
 11053 | D:9      | Killed a centaur warrior
 11054 | D:9      | Reached skill level 11 in Summonings
 11123 | D:8      | Killed a death yak
 11231 | D:9      | Killed a death yak
 11231 | D:9      | Killed a death yak
 11366 | D:9      | Reached * piety under Ashenzari
 11526 | D:10     | Entered Level 10 of the Dungeon
 11745 | D:10     | Noticed a boulder beetle
 11762 | D:10     | Killed a boulder beetle
 11861 | D:10     | Found a staircase to the Orcish Mines.
 11939 | D:10     | Noticed a two-headed ogre
 11953 | D:10     | Killed a two-headed ogre
 12642 | Lair:1   | Entered Level 1 of the Lair of Beasts
 12680 | Lair:1   | Reached skill level 5 in Long Blades
 12687 | Lair:1   | Reached skill level 12 in Summonings
 12705 | Lair:1   | Found a dark tunnel.
 12797 | Volcano  | Entered a volcano
 12848 | Volcano  | Reached ** piety under Ashenzari
 13147 | Volcano  | Reached XP level 12. HP: 67/67 MP: 23/27
 13351 | Volcano  | Found a radiant altar of Vehumet.
 13351 | Volcano  | Noticed a two-headed ogre
 13351 | Volcano  | Noticed a two-headed ogre
 13351 | Volcano  | Noticed an ogre mage
 13351 | Volcano  | Noticed a two-headed ogre
 13368 | Volcano  | HP: 1/67 [two-headed ogre (20)]
 13368 | Volcano  | Slain by a two-headed ogre

Illustrated notes

Levels and vault maps discovered:
D:1:      matt_arrival_grand_opening, layout_basic,
          shapermc_ecumenical_altar_pompeii, serial_corexii_hall,
          corexii_hall_statues_deadend, corexii_hall_statues_t
D:2:      minmay_angry_zag, layout_loops_ring
D:3:      layout_basic, mainiacjoe_overflow_alcove_2, serial_shops, shop
D:4:      layout_basic, okawaru_gym_becter, mainiacjoe_overflow_paths,
          amcnicky_altar_gilded, amethyst_killhole, minmay_misc_feat_enclosed
D:5:      layout_rooms, grunt_ministairs_6
D:6:      layout_basic, slow_altar_1, vehumet_statue,
          mainiacjoe_overflow_chevrons, grunt_decor_junction,
          kennysheep_diamond, uniq_pikel, uniq_edmund, uniq_prince_ribbit1
D:7:      layout_basic, beargit_hepliaklqana_dungeon_heroes,
          lemuel_crystal_altar, minmay_temple_entry_steel_oval, serial_shops,
          shop, nicolae_stop_n_shop_2, nicolae_shop_crystal,
          nicolae_lakefront_shop, hangedman_decor_peaks_small,
          doesnt_shop_hydraphobe
D:8:      layout_rooms, minmay_misc_feat_tiny, hangedman_ranch
D:9:      layout_roguey, dpeg_lair_monsters
D:10:     layout_stronghold, orc_0_dummy, amcnicky_mini_corridor_feature
Temple:   dshaligram_water_room_temple
Lair:1:   layout_roguey, nicolae_volcano_entry_hallway,
          cheibrodos_lair_caveside_slide, uniq_grum
Volcano:  volcano_lake [vl_original]

Skill      XL: |  1  2  3  4  5  6  7  8  9 10 11 |
---------------+----------------------------------+-----
Fighting       | 1 2 3 4 5 6 7 |  7.3
Spellcasting   | 3 4 5 6 7 8 |  8.3
Summonings     | 5 6 7 8 9 10 12 | 12.1
Short Blades   | 2 4 6 7 |  7.3
Long Blades    | 1 5 |  5.4
Dodging        | |  1.5
Stealth        | |  2.4

Action                   |  1- 3 |  4- 6 |  7- 9 | 10-12 || total
-------------------------+-------+-------+-------+-------++-------
Melee: Unarmed           |    80 |       |       |       ||    80
       Bite              |    15 |    21 |    54 |    44 ||   134
       Dagger            |     2 |   111 |   205 |    59 ||   377
       Long sword        |       |       |       |   116 ||   116
 Cast: Summon Small Mamm |    40 |     8 |     1 |     6 ||    55
       Call Imp          |     5 |     8 |     3 |     6 ||    22
       Call Canine Famil |     1 |     8 |    14 |     7 ||    30
       Summon Guardian G |       |       |    18 |    25 ||    43
       Summon Lightning  |       |       |    10 |    46 ||    56
Invok: Curse Item        |       |       |       |     3 ||     3
  Use: Scroll            |     4 |     1 |     7 |     4 ||    16
 Stab: Distracted        |     2 |     1 |       |     4 ||     7
       Sleeping          |     3 |     8 |     2 |       ||    13
Armor: Robe              |    15 |    20 |    20 |    67 ||   122
Dodge: Dodged            |    70 |    71 |   120 |   110 ||   371

Table legend: (Time is in decaauts)
 A = Elapsed time spent in this place.
 B = Non-inter-level travel time spent in this place.
 C = Inter-level travel time spent in this place.
 D = Time resting spent in this place.
 E = Time spent auto-exploring this place.
 F = Levels seen in this place.
 G = Mean time per level.
                   A        B        C        D        E       F      G
               +--------+--------+--------+--------+--------+-----+--------+
         Total |  13578 |  13043 |    535 |   3625 |   6805 |  13 | 1044.5 |
       Dungeon |  12708 |  12228 |    480 |   3467 |   6325 |  10 | 1270.8 |
        Temple |    145 |    116 |     29 |      0 |     88 |   1 |  145.0 |
          Lair |    153 |    127 |     26 |     73 |      0 |   1 |  153.0 |
       Volcano |    570 |    570 |      0 |     85 |    392 |   1 |  570.0 |
               +--------+--------+--------+--------+--------+-----+--------+

Top non-repeatable levels by time:
     D:1: 2302 daAuts
     D:7: 1787 daAuts
     D:6: 1539 daAuts
     D:8: 1115 daAuts
     D:9: 1112 daAuts
     D:2: 1098 daAuts
    D:10: 1017 daAuts
     D:3: 1008 daAuts
     D:4: 974 daAuts
     D:5: 751 daAuts
 Volcano: 570 daAuts
  Lair:1: 153 daAuts
  Temple: 145 daAuts
